 Dungeon Crawl Stone Soup version 0.29.0-4-gdea44cf6ec (webtiles) character file.

Game seed: 937562200532233235

34 qw the Chopper (level 3, 0/29 HPs)
             Began as a Barachi Chaos Knight on Sept 4, 2022.
             Succumbed to a goblin's poison
             ... on level 2 of the Dungeon.
             The game lasted 00:00:37 (1612 turns).

qw the Chopper (Barachi Chaos Knight)               Turns: 1612, Time: 00:00:37

Health: 0/29       AC:  5    Str: 15    XL:     3   Next: 31%
Magic:  3/3        EV: 11    Int: 10    God:
Gold:   18         SH:  0    Dex: 11    Spells: 2/2 levels left

rFire   . . .      SeeInvis .   Y - +0 hand axe (chaos)
rCold   . . .      Faith    .   (no shield)
rNeg    . . .      Spirit   .   b - +2 leather armour
rPois   .          Reflect  .   (no helmet)
rElec   .          Harm     .   (no cloak)
rCorr   .          Rampage  .   (no gloves)
Will    .....                   (no boots)
Stlth   +.........              (no amulet)
HPRegen 0.09/turn               (no ring)
MPRegen 0.08/turn               (no ring)

@: lethally poisoned (0 -> -4), slow
A: amphibious, slowness 1, strong legs 1, +LOS, dopey 1
a: Hop


You were on level 2 of the Dungeon.
You visited 1 branch of the dungeon, and saw 2 of its levels.

You collected 40 gold pieces.
You spent 22 gold pieces at shops.


Innate Abilities, Weirdness & Mutations

You are amphibious.
You cover ground slowly.
You can hop short distances.
You have an extended range of vision and can be seen from far away.
You are dopey. (Int -2)


   Skills:
 - Level 3.6 Fighting
 + Level 4.7 Axes
 - Level 2.4 Armour
 - Level 1.1 Dodging


You had 2 spell levels left.
You didn't know any spells.
Your spell library was empty.

Inventory:

Hand Weapons
 h - a +0 whip
 Y - a +0 hand axe of chaos (weapon)
Armour
 a - a +0 cloak
 b - a +2 leather armour (worn)
Scrolls
 f - a scroll of identify
Potions
 l - a potion of heal wounds {unknown}
Miscellaneous
 c - a piece from Xom's chessboard (15/15)

Dungeon Overview and Level Annotations

Branches:
Dungeon (2/15)

Altars:

Shops:
D:1 *


Message History

The goblin hits you with a +2 dagger of venom.
You are poisoned.
You hit the kobold.
The kobold goes berserk!
The kobold is severely wounded.
You barely miss the goblin.
You feel very sick. The kobold hits you but does no damage.
The kobold closely misses you. The goblin hits you but does no damage.
You are more poisoned.
You hit the kobold but do no damage.
The kobold resists with some effort.
The kobold is severely wounded.
You hit the goblin but do no damage.
You feel very sick. The kobold hits you with a +0 whip.
The goblin hits you with a +2 dagger of venom.
You hit the kobold. You freeze the kobold.
You kill the kobold!
You hit the goblin but do no damage.
The goblin changes into a shapeshifter!
You feel very sick.
The shapeshifter changes into a spriggan!
You hit the spriggan. You burn the spriggan.
The spriggan is moderately wounded.
You feel sick.
The spriggan picks up a +2 dagger of venom.
The spriggan wields a +2 dagger of venom.
It begins to drip with poison!
The spriggan unwields a +2 dagger of venom.
It stops dripping with poison.
The spriggan drops a +2 dagger of venom.
The spriggan picks up a +0 sling.
The spriggan wields a +0 sling.
You miss the spriggan.
The spriggan is moderately wounded.
You feel sick.
You miss the spriggan.
The spriggan is moderately wounded.
You feel sick.
The spriggan unwields a +0 sling.
The spriggan completely misses you.
You hit the spriggan.
The spriggan is poisoned.
The spriggan is moderately wounded.
You die...

#.....#..# #.#
...#.##..######.###
# #.....)........
####.#.#####..#
#.###.# #..#
##.#..# #..#
#..#.####..#
#.##...>...#
#.##..###@.#
#.##..# #)i#
...#..# #....
.#..... ....... #.
.##.####.......
######.# ##...###
#.# ...# #.. ....
##.#


You could see a spriggan shaped shifter (very poisoned).

Vanquished Creatures
  A worm (D:2)
  A dart slug (D:2)
  3 endoplasms (D:1)
  A giant cockroach (D:1)
  6 goblins
  3 hobgoblins (D:1)
  3 jackals (D:1)
  4 kobolds
  2 bats (D:1)
24 creatures vanquished.

Notes
Turn   | Place    | Note
-------+----------+-------------------------------------------
     0 | D:1      | qw the Barachi Chaos Knight began the quest for the Orb.
     0 | D:1      | Reached XP level 1. HP: 18/18 MP: 1/1
     0 | D:1      | 0 ||| qw: Version: 0.1-a-103-gd6f5d3a
     0 | D:1      | 0 ||| qw: Game counter: 5558
     0 | D:1      | 0 ||| qw: Always use a shield: true
     0 | D:1      | 0 ||| qw: God list: Okawaru
     0 | D:1      | 0 ||| qw: Allow faded altars: false
     0 | D:1      | 0 ||| qw: Do Orc after D:15 true
     0 | D:1      | 0 ||| qw: Do second Lair branch before Depths: true
     0 | D:1      | 0 ||| qw: Lair rune preference: random
     0 | D:1      | 0 ||| qw: Plans: Normal
     0 | D:1      | 0 ||| PLANNING D:1-11
     0 | D:1      | Fell from the grace of Xom
   153 | D:1      | XOM: summons 4 hostile shadow creatures
   159 | D:1      | Paralysed by you for 2 turns
   302 | D:1      | 302 ||| DROPPING +0 club.
   316 | D:1      | Found a faded altar of an unknown god.
   328 | D:1      | Reached XP level 2. HP: 21/24 MP: 2/2
   381 | D:1      | Reached skill level 4 in Axes
   602 | D:1      | 602 ||| Stepping ~*~*~tactically~*~*~ (stealth).
   624 | D:1      | HP: 6/24 [poisoned by a goblin]
   690 | D:1      | 690 ||| Stepping ~*~*~tactically~*~*~ (stealth).
   901 | D:1      | Reached XP level 3. HP: 29/29 MP: 3/3
   915 | D:1      | XOM: give mutation
   915 | D:1      | Gained mutation: You are dopey. (Int -2) [Xom's mischief]
   969 | D:1      | Found Dofil's General Store.
   980 | D:1      | 980 ||| SHOPLISTING +1 cloak of Starlight {*Dazzle EV+4
                  | Stlth--} (335 gold, have 29).
   980 | D:1      | 980 ||| SHOPLISTING +2 hand axe of venom (171 gold, have
                  | 29).
   980 | D:1      | 980 ||| SHOPLISTING +5 scale mail of Gacu {rC- Str+3 SInv}
                  | (434 gold, have 29).
   980 | D:1      | 980 ||| BUYING scroll of identify (22 gold).
   980 | D:1      | Bought a scroll of identify for 22 gold pieces
  1103 | D:1      | 1103 ||| DROPPING amulet of magic regeneration.
  1104 | D:1      | 1104 ||| READING scroll labelled KYREAL JEUZXYU.
  1105 | D:1      | 1105 ||| READING scroll labelled FENEMU GEGIBB.
  1106 | D:1      | 1106 ||| READING scroll labelled QIDORITOIQ.
  1110 | D:1      | 1110 ||| READING 3 scrolls of identify.
  1110 | D:1      | 1110 ||| IDENTIFYING purple potion
  1111 | D:1      | 1111 ||| READING 2 scrolls of identify.
  1111 | D:1      | 1111 ||| IDENTIFYING fuming red potion
  1112 | D:1      | 1112 ||| DROPPING potion of flight.
  1113 | D:1      | 1113 ||| DROPPING potion of magic.
  1168 | D:2      | 1168 ||| Stepping ~*~*~tactically~*~*~ (hiding).
  1171 | D:2      | XOM: summons 4 hostile shadow creatures
  1385 | D:2      | 1385 ||| Stepping ~*~*~tactically~*~*~ (hiding).
  1487 | D:2      | 1487 ||| Stepping ~*~*~tactically~*~*~ (hiding).
  1608 | D:2      | Noticed a shapeshifter
  1608 | D:2      | a goblin changed into a shapeshifter
  1608 | D:2      | HP: 6/29 [poisoned by a goblin]
  1608 | D:2      | Noticed a spriggan
  1608 | D:2      | a shapeshifter changed into a spriggan
  1610 | D:2      | HP: 2/29 [poisoned by a goblin]
  1612 | D:2      | Succumbed to a goblin's poison

Levels and vault maps discovered:
D:1:      dpeg_arrival_round_c, layout_rooms, serial_shops,
          nicolae_shop_advertising_works [nicolae_subvault_shop_adworks],
          dreamdust_ecumenical_altar_grove, minmay_fountain_box
D:2:      layout_loops_ring, basic_altar, uniq_sigmund, uniq_crazy_yiuf_cottage

Skill      XL: |  1  2 |
---------------+-------+-----
Axes           | 4 |  4.7
Fighting       | |  3.6
Armour         | |  2.4
Dodging        | |  1.1

Action                   || total
-------------------------++-------
Melee: Hand axe          ||   100
Invok: Renounce Religion ||     1
  Use: Scroll            ||     5
Armor: Leather armour    ||    37
Dodge: Dodged            ||    58

Table legend:
 A = Non-vault XP
 B = Vault XP
 C = Vault XP percentage of total XP
 D = Non-vault monster count
 E = Vault monster count
 F = Vault count percentage of total count
                 A         B        C        D         E       F
            +---------+---------+-------+---------+---------+-------
      Total |      49 |       0 |   0.0 |      24 |       0 |   0.0
            +---------+---------+-------+---------+---------+-------
        D:1 |      34 |       0 |   0.0 |      19 |       0 |   0.0
        D:2 |      15 |       0 |   0.0 |       5 |       0 |   0.0
            +---------+---------+-------+---------+---------+-------
